 Dungeon Crawl Stone Soup version 0.27-a0-1280-g9d2d252d84 (webtiles) character file.

Game seed: 11052669355870280760

413 Glokmah the Gusty (level 7, -2/51 HPs)
             Began as a Human Air Elementalist on June 13, 2021.
             Was an Initiate of Vehumet.
             Slain by a sky beast (5 damage)
             ... on level 4 of the Dungeon.
             The game lasted 00:11:14 (6177 turns).

Glokmah the Gusty (Human Air Elementalist)          Turns: 6177, Time: 00:11:15

Health: -2/51      AC:  3    Str: 11    XL:     7   Next: 14%
Magic:  6/11       EV: 17    Int: 21    God:    Vehumet [......]
Gold:   191        SH:  0    Dex: 13    Spells: 4/12 levels left

rFire    + . .     SeeInvis .   b - +1 short sword
rCold    . . .     Faith    .   (no shield)
rNeg     . . .     Spirit   .   v - +1 robe {rF+}
rPois    .         Reflect  .   (no helmet)
rElec    .         Harm     .   (no cloak)
rCorr    .         Rampage  .   (no gloves)
Will     .....                  (no boots)
Stlth    ++........             (no amulet)
HPRegen  0.17/turn              y - +6 ring of intelligence
MPRegen  0.12/turn              d - +4 ring of evasion

@: about to teleport
A: no striking features
a: Renounce Religion


You were on level 4 of the Dungeon.
You worshipped Vehumet.
Vehumet was noncommittal.
You visited 1 branch of the dungeon, and saw 4 of its levels.

You collected 191 gold pieces.

Inventory:

Hand Weapons
 b - a +1 short sword (weapon)
Missiles
 i - 66 stones
 q - a throwing net
 w - 7 silver boomerangs
Armour
 v - a +1 robe of fire resistance (worn)
Jewellery
 d - a +4 ring of evasion (right hand)
 y - a +6 ring of intelligence (left hand)
Wands
 e - a wand of flame (5)
 n - a wand of iceblast (9)
 s - a wand of polymorph (14)
Scrolls
 a - 2 scrolls of identify
 h - a scroll of silence
 j - a scroll of immolation
 o - a scroll of fog
 t - a scroll of teleportation
Potions
 c - a potion of brilliance {unknown}
 f - 3 potions of degeneration
 g - a potion of invisibility {unknown}
 l - a potion of might {unknown}
 p - 2 potions of attraction
 r - a potion of cancellation {unknown}
 u - a potion of magic {unknown}
 x - a potion of resistance {unknown}


   Skills:
 + Level 2.4 Fighting
 + Level 3.3 Dodging
 - Level 2.0 Stealth
 + Level 3.1 Spellcasting
 * Level 3.0 Conjurations
 * Level 4.8 Air Magic


You had 4 spell levels left.
You knew the following spells:

 Your Spells              Type           Power      Damage    Failure   Level
a - Shock                 Conj/Air       76%        1d7       2%          1
b - Swiftness             Air            23%        N/A       5%          3
c - Airstrike             Air            11%        N/A       19%         4

Your spell library contained the following spells:

 Spells                   Type           Power      Damage    Failure   Level
 Static Discharge         Conj/Air       19%        N/A       4%          2
 Lightning Bolt           Conj/Air       9%         1d22      58%         5


Dungeon Overview and Level Annotations

Branches:
Dungeon (4/15)
 Temple: D:4-7

Altars:
Vehumet

Shops:
D:1 ??


Message History

Press: ? - help, Dir - move target, f - sky beast
Aim: a sky beast The air twists around and strikes the sky beast.
The sky beast is lightly wounded.
You hit the sky beast but do no damage.
The sky beast is lightly wounded.
The sky beast hits you. The sky beast shocks you.
You hit the sky beast but do no damage.
The sky beast is lightly wounded.
The sky beast barely misses you.
You hit the sky beast.
The sky beast is moderately wounded.
The sky beast flickers out of sight!
Deactivating autopickup; reactivate with Ctrl-A.
Something hits you but does no damage.
You closely miss something. Something hits you. Something shocks you.
Something hits you. Something shocks you.
You miss something. Something completely misses you.
Okay, then.
Okay, then.
Aiming: Throw Flame
Press: ? - help, Shift-Dir - straight line Something hits you.
* * * LOW HITPOINT WARNING * * *
Something shocks you.
* * * LOW HITPOINT WARNING * * *
Unknown command.
Aiming: Iceblast
Press: ? - help, Shift-Dir - straight line The mass of ice explodes!
The iceblast engulfs something!
The iceblast engulfs you.
* * * LOW HITPOINT WARNING * * *
Something hits you but does no damage.
Unknown command.
Okay, then.
As you read the scroll of teleportation, it crumbles to dust.
You feel strangely unstable. Something hits you.
* * * LOW HITPOINT WARNING * * *
Something shocks you.
You die...

####.# ######..#^### #..,. .....#
#..#.# *##*# .....#
#÷.#.#*****### ## ####.#
#..#..,,,,,..#######.
#.########..###*****#.##......
####.......##..# ### #.##.####.
#..............###.## #.##.# ##
#.##.#####.###.##.#.## #.##.# #
÷............#..@###.###.##.#####
.....###..........#..........<...
#.##.# #...........##############
#.##.# #.....####### .....#
#.....# #.#### ####### #.# ..#
###


There were no monsters in sight!

Vanquished Creatures
  A scorpion (D:4)
  An orc priest (D:3)
  Jessica (D:3)
  Ijyb (D:4)
  An iguana (D:2)
  Natasha (thrice) (D:2)
  A hound skeleton (D:4)
  5 adders
  3 gnolls (D:3)
  A worm (D:2)
  4 dart slugs
  4 orcs
  4 endoplasms
  5 giant cockroaches
  6 goblins
  8 hobgoblins
  6 jackals
  4 kobolds
  2 quokkas
  5 ball pythons
  3 bats
  4 frilled lizards
  6 rats
79 creatures vanquished.

Vanquished Creatures (others)
  2 plants (D:1)
2 creatures vanquished.

Grand Total: 81 creatures vanquished

Notes
Turn   | Place    | Note
-------+----------+-------------------------------------------
     0 | D:1      | Glokmah the Human Air Elementalist began the quest for the
                  | Orb.
     0 | D:1      | Reached XP level 1. HP: 13/13 MP: 3/3
    51 | D:1      | Found Jyvva's Magic Scroll Shop.
   177 | D:1      | Reached XP level 2. HP: 19/19 MP: 0/5
   375 | D:1      | Found Osoodoss's Magic Scroll Shop.
   724 | D:1      | Reached XP level 3. HP: 25/25 MP: 0/6
   776 | D:1      | Learned a level 3 spell: Swiftness
  1750 | D:2      | Noticed Natasha
  1761 | D:2      | Killed Natasha
  1762 | D:2      | Reached skill level 1 in Fighting
  1762 | D:2      | Reached XP level 4. HP: 9/32 MP: 1/7
  1884 | D:2      | Noticed Natasha
  2895 | D:2      | Reached XP level 5. HP: 37/37 MP: 3/8
  3231 | D:2      | Killed Natasha
  3232 | D:2      | Reached skill level 4 in Air Magic
  3478 | D:2      | Noticed Natasha
  3500 | D:2      | Killed Natasha
  3757 | D:3      | Learned a level 4 spell: Airstrike
  3869 | D:3      | Found a faded altar of an unknown god.
  3873 | D:3      | Found a faded altar of an unknown god.
  3931 | D:3      | Noticed Jessica
  3943 | D:3      | Killed Jessica
  3944 | D:3      | Reached XP level 6. HP: 30/44 MP: 5/10
  4089 | D:3      | Found a radiant altar of Vehumet.
  4104 | D:3      | Became a worshipper of Vehumet
  5350 | D:4      | Noticed Ijyb
  5437 | D:4      | Killed Ijyb
  5791 | D:4      | Reached XP level 7. HP: 51/51 MP: 0/11
  6177 | D:4      | Slain by a sky beast

Illustrated notes

Levels and vault maps discovered:
D:1:      tarquinn_simple_flora_water_f, layout_loops_ring, serial_shops,
          nicolae_shop_waterfront, shop, serial_forest,
          infiniplex_forest_lined_corner, infiniplex_forest_3_way,
          infiniplex_forest_join, infiniplex_forest_end_double,
          infiniplex_forest_lined_4_way, infiniplex_forest_corner_1,
          infiniplex_forest_lined_2, infiniplex_forest_lined_2,
          minmay_pentomino_v4
D:2:      layout_basic, uniq_natasha
D:3:      layout_rooms, lemuel_crystal_altar,
          hellmonk_ecumenical_altar_the_god_not_taken, grunt_ministairs_9,
          uniq_jessica
D:4:      layout_loops_ring, uniq_ijyb

Skill      XL: |  1  2  3  4  5  6 |
---------------+-------------------+-----
Fighting       | 1 2 |  2.4
Conjurations   | 2 3 |  3.0
Air Magic      | 4 |  4.8
Dodging        | 3 |  3.3
Spellcasting   | 3 |  3.1
Stealth        | |  2.0

Action                   |  1- 3 |  4- 6 |  7- 9 || total
-------------------------+-------+-------+-------++-------
Melee: Short sword       |    10 |    39 |     7 ||    56
 Cast: Shock             |    48 |   141 |     8 ||   197
       Airstrike         |       |     3 |     1 ||     4
Evoke: Wand              |       |       |     2 ||     2
  Use: Scroll            |     1 |     9 |     1 ||    11
       Potion            |       |     2 |       ||     2
 Stab: Sleeping          |     1 |     1 |       ||     2
Armor: Robe              |     1 |     3 |     2 ||     6
       Leather armour    |       |     7 |       ||     7
Dodge: Dodged            |     7 |    60 |     6 ||    73

Table legend: (Time is in decaauts)
 A = Elapsed time spent in this place.
 B = Non-inter-level travel time spent in this place.
 C = Inter-level travel time spent in this place.
 D = Time resting spent in this place.
 E = Time spent auto-exploring this place.
 F = Levels seen in this place.
 G = Mean time per level.
                   A        B        C        D        E       F      G
               +--------+--------+--------+--------+--------+-----+--------+
         Total |   6197 |   5621 |    576 |   1541 |   3218 |   4 | 1549.2 |
       Dungeon |   6197 |   5621 |    576 |   1541 |   3218 |   4 | 1549.2 |
               +--------+--------+--------+--------+--------+-----+--------+

Top non-repeatable levels by time:
     D:2: 2130 daAuts
     D:1: 1663 daAuts
     D:4: 1223 daAuts
     D:3: 1179 daAuts
